 Dungeon Crawl Stone Soup version 0.31.0-4-g52a2dc7128 (webtiles) character file.

Game seed: 6928053536259165097

104 jasper the Shield-Bearer (level 4, 0/37 HPs)
             Began as an Armataur Fighter on Jan 22, 2024.
             Was a Believer of Lugonu.
             Splashed by a jelly's acid (12 damage)
             ... on level 3 of the Dungeon.
             The game lasted 00:07:37 (2228 turns).

jasper the Shield-Bearer (Armataur Fighter)         Turns: 2228, Time: 00:07:38

Health: 0/37       AC: -3    Str: 23    XL:     4   Next: 52%
Magic:  4/4        EV:  7    Int:  8    God:    Lugonu [**....]
Gold:   9          SH:  4    Dex: 10    Spells: 3/3 levels left

rFire   . . .        f - +2 rapier (elec)
rCold   . . .        c - +0 buckler
rNeg    . . .        b - +0 scale mail
rPois   .            (no helmet)
rElec   .            w - +0 cloak
rCorr   .            (no gloves)
SInv    .            (no barding)
Will    .....        (no amulet) Stlth
                     (no ring)
HPRegen 0.26/turn    (no ring)
MPRegen 0.09/turn

%: roll
@: corroded
A: large, deformed body, tough skin 3, armoured tail, roll 1
a: Renounce Religion, Depart the Abyss, Banish


You were on level 3 of the Dungeon.
You worshipped Lugonu.
Lugonu was pleased with you.
You visited 1 branch of the dungeon, and saw 4 of its levels.

You collected 96 gold pieces.
You spent 87 gold pieces at shops.

Inventory:

Hand Weapons
 a - a +0 flail
 f - a +2 rapier of electrocution (weapon)
Missiles
 g - 15 stones (quivered)
 t - 2 boomerangs
Armour
 b - a +0 scale mail (worn)
 c - a +0 buckler (worn)
 k - a scarf of repulsion
 w - a +0 cloak (worn)
Jewellery
 u - a ring of flight
 v - a ring of magical power
Wands
 i - a wand of roots (12)
Scrolls
 d - a scroll of vulnerability {unknown}
 e - 2 scrolls of amnesia {unknown}
 h - 2 scrolls of identify {unknown}
 j - a scroll of poison {unknown}
 o - a scroll of blinking {unknown}
 p - a scroll of enchant weapon {unknown}
 r - a scroll of enchant armour {unknown}
 s - a scroll of summoning {unknown}
Potions
 l - a potion of heal wounds {unknown}
 m - a potion of magic {unknown}
 n - a potion of might
 q - a potion of curing


   Skills:
 - Level 2.6 Fighting
 * Level 3.5 Maces & Flails
 - Level 3.6 Armour
 - Level 4.5 Shields


You had 3 spell levels left.
You didn't know any spells.
Your spell library was empty.

Dungeon Overview and Level Annotations

Branches:
Dungeon (4/15)
 Temple: D:4-7

Altars:
Lugonu

Shops:
D:3 ![[[:


Innate Abilities, Weirdness & Mutations

Armour fits poorly on your strangely shaped body.
You have extremely tough skin. (AC +3)
You have a long armoured tail.
You regenerate magic when rolling toward enemies. (Rampage MPRegen)


Message History

There is an entrance to Mafilus's Distillery here.
There is a stone staircase leading down here.
You climb downwards.
The orc priest shouts!
The orc shouts!
Found 2 stones.
There is a stone staircase leading up here.
You climb upwards.
There is a stone staircase leading down here.
There is an entrance to Mafilus's Distillery here.
There is an open door here.
There is a stone staircase leading down here.
You climb downwards.
There is a stone staircase leading up here.
You climb upwards.
There is a stone staircase leading down here.
There is a stone staircase leading down here.
You climb downwards.
The jelly quivers.
Found 6 stones.
There is a stone staircase leading up here.
You roll towards the jelly!
Found the Compendium of Accompaniment.
You puncture the jelly!
Your hands burn!
The jelly is heavily wounded.
The jelly hits you but does no damage.
There is a stone staircase leading up here.
The jelly hits you.
You are splashed with acid.
The giant cockroach bites you but does no damage.
You climb upwards.
There is a stone staircase leading down here.
You puncture the jelly! The acid corrodes you!
Your hands burn!
Your tail-slap misses the jelly.
The jelly is severely wounded.
The jelly hits you but does no damage. x2
You hit the jelly but do no damage.
Your hands burn!
The jelly is severely wounded.
The jelly hits you. The acid corrodes you!
You are splashed with acid!
You hit the jelly but do no damage.
Your hands burn!
The jelly is severely wounded.
The jelly hits you. The acid corrodes you!
You are splashed with acid!
You die...

#####
############...#
##.....#........#
##...............#
#.................
#.......[........#
#J..<..>.........#
#@...............#
#................#
#.................
##..............∩#
##...........##.#
###.......#.##..
#.......#....#
#..........###
#.......#..>##


You could see a jelly.

Vanquished Creatures
  Ijyb (D:3)
  3 adders
  A dart slug (D:3)
  7 endoplasms
  3 giant cockroaches
  8 goblins
  3 hobgoblins
  2 jackals (D:2)
  2 quokkas
  4 ball pythons
  4 bats
  2 frilled lizards
  2 kobolds
  3 rats (D:2)
  A spectral goblin (D:1)
46 creatures vanquished.

Notes
Turn   | Place    | Note
-------+----------+-------------------------------------------
     0 | D:1      | jasper the Armataur Fighter began the quest for the Orb.
     0 | D:1      | Reached XP level 1. HP: 18/18 MP: 1/1
   226 | D:1      | Reached skill level 4 in Shields
   226 | D:1      | Reached XP level 2. HP: 25/25 MP: 2/2
   276 | D:1      | Found a faded altar of an unknown god.
   300 | D:1      | Prayed at the altar of an unknown god.
   300 | D:1      | Became a worshipper of Lugonu the Unformed
   300 | D:1      | Reached * piety under Lugonu
   880 | D:2      | Reached XP level 3. HP: 5/30 MP: 3/3
  1298 | D:2      | Identified the +1 robe of Delicate Contentment {Will-
                  | Dex+5}
  1649 | D:3      | Found Giedot's Book Shop.
  1673 | D:3      | Found Juplep's Antique Armour Shoppe.
  1682 | D:3      | Found Puutooll's Antique Armour Shoppe.
  1762 | D:3      | Noticed Ijyb
  1781 | D:3      | Killed Ijyb
  1782 | D:3      | Reached XP level 4. HP: 26/37 MP: 4/4
  1846 | D:3      | Found Mafilus's Distillery.
  1864 | D:3      | Bought a potion of curing for 42 gold pieces
  1915 | D:3      | Reached ** piety under Lugonu
  1974 | D:3      | Found Gigykk's Armour Shop.
  1986 | D:3      | Bought a +0 cloak for 45 gold pieces
  2228 | D:3      | Splashed by a jelly's acid

Illustrated notes

Levels and vault maps discovered:
D:1:      lightli_iron_boxes, layout_rooms,
          dreamdust_ecumenical_altar_drowned_temple, nicolae_titane
D:2:      layout_basic
D:3:      layout_rooms, serial_shops, nicolae_shop_hallway_stairs, shop,
          nicolae_shop_dealshenge, shop, nicolae_shop_dealshenge, uniq_ijyb
D:4:      layout_cave_pools, grunt_temple_overflow_champion_of_chaos,
          minitemple, minmay_ruptured

Skill      XL: |  1  2  3 |
---------------+----------+-----
Shields        | 4 |  4.5
Maces & Flails | 2 3 |  3.5
Fighting       | |  2.6
Armour         | |  3.6

Action                     |  1- 3 |  4- 6 || total
---------------------------+-------+-------++-------
  Melee: Rapier            |   113 |    13 ||   126
         Flail             |     3 |       ||     3
         Tailslap          |     4 |     1 ||     5
  Throw: Stone             |       |     1 ||     1
    Use: Potion            |     3 |       ||     3
 Armour: Scale mail        |    89 |    11 ||   100
  Dodge: Dodged            |    46 |     5 ||    51
  Block: Buckler           |    29 |     3 ||    32
